 Dungeon Crawl Stone Soup version 0.31-a0-188-g5e087ee2ca (webtiles) character file.

Game seed: 1984307841680142286

1 domi the Grasshopper (level 1, 0/10 HPs)
             Began as a Spriggan Warper on June 23, 2023.
             Slain by a giant cockroach (1 damage)
             ... on level 1 of the Dungeon.
             The game lasted 00:01:36 (483 turns).

domi the Grasshopper (Spriggan Warper)               Turns: 483, Time: 00:01:37

Health: 0/10       AC:  2    Str:  7    XL:     1   Next: 16%
Magic:  5/5        EV: 17    Int: 14    God:
Gold:   0          SH:  0    Dex: 14    Spells: 5/5 levels left

rFire   . . .        a - +0 short sword
rCold   . . .        (no shield)
rNeg    . . .        b - +0 robe
rPois   .            (helmet restricted)
rElec   .            (no cloak)
rCorr   .            (gloves unavailable)
SInv    +            (boots unavailable)
Will    .....        (no amulet)
Stlth   +            (no ring)
HPRegen 0.21/turn    (no ring)
MPRegen 0.09/turn

%: no passive effects
@: very quick
A: very small, no large weapons, unfitting armour, see invisible, speed 3
a: no special abilities


You were on level 1 of the Dungeon.
You visited 1 branch of the dungeon, and saw 1 of its levels.

Inventory:

Hand Weapons
 a - a +0 short sword (weapon)
Missiles
 d - 7 boomerangs of dispersal {=f=f}
Armour
 b - a +0 robe (worn)
Scrolls
 c - a scroll of identify {@r1}
 e - a scroll of enchant armour {unknown}


   Skills:
 - Level 1.5 Fighting
 - Level 2.1 Short Blades
 - Level 1.0 Throwing
 - Level 3.2 Dodging
 + Level 2.7 Spellcasting
 + Level 4.4 Translocations


You had 5 spell levels left.
You didn't know any spells.
Your spell library contained the following spells:

 Spells                   Type           Power      Damage    Failure   Level
 Blink                    Tloc           28%        N/A       5%          2
 Lesser Beckoning         Tloc           28%        N/A       5%          2
 Teleport Other           Tloc           14%        N/A       11%         3
 Vhi's Electric Charge    Tloc/Air       16%        N/A       26%         3
 Manifold Assault         Tloc           14%        N/A       34%         4


Dungeon Overview and Level Annotations

Branches:
Dungeon (1/15)

Altars:


Innate Abilities, Weirdness & Mutations

You are very small and have problems with some larger weapons.
You are too small for most types of armour.
You have supernaturally acute eyesight. (SInv)
You cover ground extremely quickly. (Speed+++)


Message History

The giant cockroach bites you.
The giant cockroach bites you but does no damage.
The giant cockroach bites you but does no damage.
The giant cockroach closely misses you. The giant cockroach bites you.
The giant cockroach closely misses you. The giant cockroach barely misses you.
The giant cockroach barely misses you.
The giant cockroach completely misses you.
The giant cockroach bites you but does no damage.
The giant cockroach misses you.
The giant cockroach completely misses you.
The giant cockroach barely misses you.
The giant cockroach bites you but does no damage.
The giant cockroach completely misses you.
The giant cockroach barely misses you. The giant cockroach closely misses you.
The giant cockroach barely misses you.
The giant cockroach bites you but does no damage.
The giant cockroach barely misses you. The giant cockroach misses you.
The giant cockroach bites you. The giant cockroach misses you.
The giant cockroach barely misses you. The giant cockroach closely misses you.
The giant cockroach misses you. The giant cockroach closely misses you.
The giant cockroach bites you. The giant cockroach closely misses you.
The giant cockroach completely misses you.
The giant cockroach bites you. The giant cockroach bites you.
The giant cockroach barely misses you. The giant cockroach closely misses you.
The giant cockroach completely misses you.
The giant cockroach closely misses you. The giant cockroach closely misses you.
The giant cockroach barely misses you. The giant cockroach barely misses you.
The giant cockroach closely misses you. The giant cockroach closely misses you.
The giant cockroach closely misses you.
The giant cockroach completely misses you.
The giant cockroach misses you.
The giant cockroach closely misses you. x2
The giant cockroach barely misses you. The giant cockroach bites you.
The giant cockroach bites you. The giant cockroach barely misses you.
The giant cockroach barely misses you.
The giant cockroach bites you but does no damage.
The giant cockroach closely misses you. The giant cockroach closely misses you.
The giant cockroach completely misses you.
The giant cockroach closely misses you.
The giant cockroach bites you but does no damage.
The giant cockroach bites you. The giant cockroach misses you.
The giant cockroach closely misses you.
The giant cockroach completely misses you.
The giant cockroach closely misses you. The giant cockroach misses you. x2
The giant cockroach barely misses you. The giant cockroach closely misses you.
The giant cockroach bites you but does no damage.
The giant cockroach bites you.
The giant cockroach completely misses you.
The giant cockroach bites you. The giant cockroach barely misses you.
The giant cockroach barely misses you.
The giant cockroach bites you but does no damage.
The giant cockroach closely misses you. The giant cockroach barely misses you.
The giant cockroach bites you but does no damage.
The giant cockroach bites you but does no damage.
The giant cockroach closely misses you. The giant cockroach barely misses you.
The giant cockroach bites you. The giant cockroach bites you.
* * * LOW HITPOINT WARNING * * *
The giant cockroach closely misses you. The giant cockroach barely misses you.
The giant cockroach barely misses you.
The giant cockroach completely misses you.
The giant cockroach misses you. The giant cockroach barely misses you.
The giant cockroach bites you.
* * * LOW HITPOINT WARNING * * *
The giant cockroach closely misses you.
The giant cockroach bites you but does no damage.
The giant cockroach bites you.
* * * LOW HITPOINT WARNING * * *
The giant cockroach bites you but does no damage.
The giant cockroach completely misses you.
The giant cockroach bites you but does no damage.
The giant cockroach barely misses you. The giant cockroach barely misses you.
The giant cockroach bites you but does no damage.
The giant cockroach barely misses you. The giant cockroach closely misses you.
The giant cockroach bites you but does no damage.
The giant cockroach bites you.
* * * LOW HITPOINT WARNING * * *
The giant cockroach bites you.
You die...

###########
......÷@B.#
#########.#
#.# #B# #.#
##### #.#
#...# #.#
+.⌠.# #.#
... #.#


You could see a giant cockroach.

Vanquished Creatures
  A bat (D:1)
1 creature vanquished.

Notes
Turn   | Place    | Note
-------+----------+-------------------------------------------
     0 | D:1      | domi the Spriggan Warper began the quest for the Orb.
     0 | D:1      | Reached XP level 1. HP: 10/10 MP: 5/5
   474 | D:1      | HP: 1/10 [giant cockroach (2)]
   482 | D:1      | HP: 1/10 [giant cockroach (2)]
   483 | D:1      | Slain by a giant cockroach

Illustrated notes

Levels and vault maps discovered:
D:1:      co_arrival_random_square_maze, layout_loops_ring

Action                     || total
---------------------------++-------
  Melee: Short sword       ||     1
    Use: Scroll            ||     2
   Stab: Sleeping          ||     1
 Armour: Robe              ||    61
  Dodge: Dodged            ||   303

Table legend: (Time is in decaauts)
 A = Elapsed time spent in this place.
 B = Non-inter-level travel time spent in this place.
 C = Inter-level travel time spent in this place.
 D = Time resting spent in this place.
 E = Time spent auto-exploring this place.
 F = Levels seen in this place.
 G = Mean time per level.
                   A        B        C        D        E       F      G
               +--------+--------+--------+--------+--------+-----+--------+
         Total |    435 |    435 |      0 |      0 |      0 |   1 |  435.0 |
       Dungeon |    435 |    435 |      0 |      0 |      0 |   1 |  435.0 |
               +--------+--------+--------+--------+--------+-----+--------+

Top non-repeatable levels by time:
     D:1: 435 daAuts

Levels and vault maps discovered:
D:1:      co_arrival_random_square_maze, layout_loops_ring

Table legend: (Time is in decaauts)
 A = Elapsed time spent in this place.
 B = Non-inter-level travel time spent in this place.
 C = Inter-level travel time spent in this place.
 D = Time resting spent in this place.
 E = Time spent auto-exploring this place.
 F = Levels seen in this place.
 G = Mean time per level.
                   A        B        C        D        E       F      G
               +--------+--------+--------+--------+--------+-----+--------+
         Total |    435 |    435 |      0 |      0 |      0 |   1 |  435.0 |
       Dungeon |    435 |    435 |      0 |      0 |      0 |   1 |  435.0 |
               +--------+--------+--------+--------+--------+-----+--------+

Top non-repeatable levels by time:
     D:1: 435 daAuts

Table legend:
 A = Kills in this place as a percentage of kills in the entire game.
 B = Kills by you in this place as a percentage of kills by you in the entire game.
 C = Kills by friends in this place as a percentage of kills by friends in the entire game.
 D = Other kills in this place as a percentage of other kills in the entire game.
 E = Experience gained in this place as a percentage of experience gained in the entire game.
 F = Experience gained in this place divided by the number of levels of this place that you have seen.
                   A       B       C       D       E      F
               +-------+-------+-------+-------+-------+----------------------
         Total | 100.0 | 100.0 |   N/A |   N/A | 100.0 |   2.0
       Dungeon | 100.0 | 100.0 |   N/A |   N/A | 100.0 |   2.0
               +-------+-------+-------+-------+-------+----------------------
